 Dungeon Crawl Stone Soup version 0.27-a0-448-gace5c5693b (webtiles) character file.

Game seed: 9376097626543399038

172 tatocazan the Sneak (level 5, -3/36 HPs)
             Began as an Octopode Brigand on Feb 27, 2021.
             Was a Follower of Dithmenos.
             Slain by a gnoll skeleton (6 damage)
             ... in an ossuary.
             The game lasted 00:04:02 (2282 turns).

tatocazan the Sneak (Octopode Brigand)              Turns: 2282, Time: 00:04:02

Health: -3/36      AC:  1    Str: 11    XL:     5   Next: 52%
Magic:  5/5        EV: 13    Int: 13    God:    Dithmenos [*.....]
Gold:   74         SH:  0    Dex: 14    Spells: 4/4 levels left

rFire    . . .     SeeInvis .   j - +2 short sword (drain)
rCold    . . .     Faith    .   (no shield)
rNeg     . . .     Spirit   .   (helmet restricted)
rPois    .         Reflect  .   d - amulet of regeneration
rElec    .         Harm     .   (no ring)
rCorr    .         Rampage  .   (no ring)
Will     .....                  (no ring)
Stlth    +++++.....             (no ring)
HPRegen  1.12/turn              (no ring)
MPRegen  0.09/turn              (no ring)
                                (no ring)
                                (no ring)

@: marked, wreathed by umbra
A: almost no armour, stealthy swim, amphibious, 8 rings, constrict 8, camouflage
1, gelatinous body 1
a: Renounce Religion


You were in an ossuary.
You worshipped Dithmenos.
Dithmenos was aware of your devotion.
You visited 1 branch of the dungeon, and saw 4 of its levels.
You also visited: Ossuary.

You collected 74 gold pieces.

Inventory:

Hand Weapons
 a - a +2 dagger
 j - a +2 short sword of draining (weapon)
Missiles
 b - 8 poisoned darts (quivered)
 c - 2 curare-tipped darts
 l - 3 atropa-tipped darts
Jewellery
 d - an amulet of regeneration (around mantle)
Scrolls
 e - a scroll of fear
 f - 4 scrolls of identify
 g - a scroll of noise
 k - a scroll of blinking {unknown}
Potions
 h - a potion of heal wounds {unknown}
 m - a potion of curing {unknown}


   Skills:
 + Level 2.9 Fighting
 * Level 3.3 Short Blades
 - Level 2.0 Throwing
 + Level 2.1 Dodging
 * Level 6.8 Stealth
 + Level 1.2 Invocations


You had 4 spell levels left.
You didn't know any spells.
Your spell library contained the following spells:

 Spells                   Type           Power        Failure   Level
 Magic Dart               Conj           0%           30%         1
 Blink                    Tloc           N/A          43%         2
 Call Imp                 Summ           0%           43%         2
 Slow                     Hex            0%           43%         2
 Conjure Flame            Conj/Fire      0%           67%         3
 Mephitic Cloud           Conj/Pois/Air  0%           67%         3


Dungeon Overview and Level Annotations

Branches:
Dungeon (4/15)            Ossuary (1/1)
 Temple: D:4-7

Altars:
Cheibriados
Dithmenos
Fedhas
Gozag

Annotations:
Ossuary Menkaure


Innate Abilities, Weirdness & Mutations

You cannot wear most types of armour.
You are very stealthy in the water. (Stealth+)
You are amphibious.
You can wear up to eight rings at the same time.
You can use your tentacles to constrict eight enemies at once.
Your skin changes colour to match your surroundings (Stealth+).
Your rubbery body absorbs attacks. (AC +1, EV +1)


Message History

You are too injured to fight recklessly!
You are too injured to fight recklessly!
You are too injured to fight recklessly!
You are too injured to fight recklessly!
You are too injured to fight recklessly!
You are too injured to fight recklessly!
You are too injured to fight recklessly!
You are too injured to fight recklessly!
You are too injured to fight recklessly!
You are too injured to fight recklessly!
You are too injured to fight recklessly!
You are too injured to fight recklessly!
You are too injured to fight recklessly!
You are too injured to fight recklessly!
You are too injured to fight recklessly!
You are too injured to fight recklessly!
You are too injured to fight recklessly!
You are too injured to fight recklessly!
You are too injured to fight recklessly!
The gnoll skeleton hits you. Menkaure closely misses you.
You barely miss Menkaure. You grab Menkaure. You squeeze Menkaure.
Menkaure is moderately damaged.
You constrict Menkaure. The gnoll skeleton misses you.
You hit Menkaure but do no damage.
Menkaure is moderately damaged.
You constrict Menkaure.
Menkaure mumbles some strange words.
Menkaure seems to speed up.
A mummy comes into view.
You hit Menkaure.
Menkaure is heavily damaged.
You constrict Menkaure. Menkaure closely misses you.
The gnoll skeleton barely misses you.
You completely miss Menkaure.
Menkaure is heavily damaged.
You constrict Menkaure. Menkaure hits you!!
Ouch! That really hurt!
* * * LOW HITPOINT WARNING * * *
The gnoll skeleton hits you.
You die...

##..##^.######..##.
##..##^.##....##..##
##..##..##..##^.##..#
##..##..##..####..##..
##..##..##..## ##..##.
##.^##..##..## ##^.##
##..##.^##..## ##..#
##.^##..##..## ##..
##..##..##@Z## ##. ##..##..##MM##
## ##..##..##..## # ##..##..##...
##..##..#######################
##..##.......................^..
##..#############################
#..^...^..................^.....^
#################################


You could see Menkaure (fast), a mummy and a gnoll skeleton.

Vanquished Creatures
  Jessica (D:3)
  4 adders (D:3)
  2 worms
  A leopard gecko (D:3)
  4 orcs (D:3)
  A ball python (D:2)
  3 giant cockroaches (D:3)
  A gnoll zombie (Ossuary)
  6 hobgoblins
  8 jackals
  2 quokkas (D:3)
  10 bats
  5 frilled lizards
  3 gnoll skeletons (Ossuary)
  7 goblins
  2 goblin skeletons (Ossuary)
  6 goblin zombies (Ossuary)
  4 hobgoblin skeletons (Ossuary)
  8 hobgoblin zombies (Ossuary)
  12 kobolds
  2 kobold skeletons (Ossuary)
  2 kobold zombies (Ossuary)
  3 orc skeletons (Ossuary)
  4 orc zombies (Ossuary)
  5 rats
  3 rat skeletons (Ossuary)
  2 rat zombies (Ossuary)
111 creatures vanquished.

Vanquished Creatures (others)
  A goblin skeleton (Ossuary)
  2 kobold skeletons (Ossuary)
  A rat skeleton (Ossuary)
4 creatures vanquished.

Grand Total: 115 creatures vanquished

Notes
Turn   | Place    | Note
-------+----------+-------------------------------------------
     0 | D:1      | tatocazan the Octopode Brigand began the quest for the Orb.
     0 | D:1      | Reached XP level 1. HP: 14/14 MP: 1/1
   100 | D:1      | Reached XP level 2. HP: 19/19 MP: 2/2
   748 | D:1      | Reached XP level 3. HP: 24/24 MP: 3/3
   930 | D:2      | Reached skill level 6 in Stealth
  1192 | D:2      | Found a snail-covered altar of Cheibriados.
  1255 | D:2      | Found a shadowy altar of Dithmenos.
  1257 | D:2      | Found a blossoming altar of Fedhas.
  1264 | D:2      | Became a worshipper of Dithmenos the Shadowed
  1316 | D:3      | Reached XP level 4. HP: 26/30 MP: 4/4
  1509 | D:3      | Reached XP level 5. HP: 17/35 MP: 5/5
  1648 | D:3      | Found an opulent altar of Gozag.
  1666 | D:3      | Noticed Jessica
  1673 | D:3      | Killed Jessica
  1674 | D:3      | Reached skill level 1 in Invocations
  1956 | D:4      | Found a sand-covered staircase.
  1961 | Ossuary  | Entered an ossuary
  2013 | Ossuary  | Reached * piety under Dithmenos
  2274 | Ossuary  | Noticed Menkaure
  2282 | Ossuary  | Slain by a gnoll skeleton

Illustrated notes

Levels and vault maps discovered:
D:1:      saegor_arrival_simple_b, layout_basic
D:2:      layout_rooms, marbit_many_paths, minitemple
D:3:      layout_rooms, grunt_gozag_statues, uniq_jessica
D:4:      layout_loops_cross, overflow_temple_1_default,
          chequers_temple_overflow_statue_of_worship, lemuel_round_altar,
          kennysheep_little_box, nicolae_ossuary_entry_monument, uniq_eustachio,
          uniq_grinder
Ossuary:  ossuary_due_pyramid

Skill      XL: |  1  2  3  4  5 |
---------------+----------------+-----
Stealth        | 6 |  6.8
Short Blades   | 3 |  3.3
Dodging        | 2 |  2.1
Invocations    | 1 |  1.2
Fighting       | |  2.9
Throwing       | |  2.0

Action                   |  1- 3 |  4- 6 || total
-------------------------+-------+-------++-------
Melee: Dagger            |    71 |       ||    71
       Constrict         |    11 |    44 ||    55
       Tentacles         |     6 |    18 ||    24
       Short sword       |     5 |   117 ||   122
  Use: Scroll            |       |     3 ||     3
 Stab: Sleeping          |    23 |     9 ||    32
       Distracted        |     1 |       ||     1
Armor: Skin              |     4 |    10 ||    14
Dodge: Dodged            |    39 |    56 ||    95

Table legend: (Time is in decaauts)
 A = Elapsed time spent in this place.
 B = Non-inter-level travel time spent in this place.
 C = Inter-level travel time spent in this place.
 D = Time resting spent in this place.
 E = Time spent auto-exploring this place.
 F = Levels seen in this place.
 G = Mean time per level.
                   A        B        C        D        E       F      G
               +--------+--------+--------+--------+--------+-----+--------+
         Total |   2266 |   2146 |    120 |    116 |   1489 |   5 |  453.2 |
       Dungeon |   1950 |   1830 |    120 |    116 |   1344 |   4 |  487.5 |
       Ossuary |    316 |    316 |      0 |      0 |    145 |   1 |  316.0 |
               +--------+--------+--------+--------+--------+-----+--------+

Top non-repeatable levels by time:
     D:1: 843 daAuts
     D:3: 640 daAuts
     D:2: 456 daAuts
 Ossuary: 316 daAuts
     D:4: 10 daAuts
